 Dungeon Crawl Stone Soup version 0.29-a0-356-g7bc237e783 (webtiles) character file.

Game seed: 4426760292858176937

31 spaghetti the Skirmisher (level 3, -1/30 HPs)
             Began as a Vine Stalker Berserker on Apr 26, 2022.
             Was a Follower of Trog.
             Slain by Pikel
             ... wielding a +0 whip of flaming
              (2 damage)
             ... on level 4 of the Dungeon.
             The game lasted 00:01:38 (1584 turns).

spaghetti the Skirmisher (Vine Stalker Berserker)   Turns: 1584, Time: 00:01:39

Health: -1/30      AC:  2    Str: 19    XL:     3   Next: 22%
Magic:  0/4        EV: 12    Int:  7    God:    Trog [*.....]
Gold:   57         SH:  0    Dex: 15    Spells: 2/2 levels left

rFire   . . .      SeeInvis .   d - +0 dire flail {mace}
rCold   . . .      Faith    .   (shield currently unavailable)
rNeg    . . .      Spirit   +   b - +0 animal skin
rPois   .          Reflect  .   (no helmet)
rElec   .          Harm     .   (no cloak)
rCorr   .          Rampage  .   (no gloves)
Will    .....                   (no boots)
Stlth   ..........              (no amulet)
HPRegen 0.10/turn               (no ring)
MPRegen 0.09/turn               (no ring)

@: berserking, very quick
A: fangs 2, magic shield, antimagic bite, no potion heal 2
a: Renounce Religion, Berserk


You were on level 4 of the Dungeon.
You worshipped Trog.
Trog was aware of your devotion.
You visited 1 branch of the dungeon, and saw 3 of its levels.

You collected 57 gold pieces.


Innate Abilities, Weirdness & Mutations

You have extremely sharp teeth.
When hurt, damage is shared between your health and your magic reserves.
Your bite disrupts and absorbs the magic of your enemies.
Potions cannot restore your health.


   Skills:
 + Level 3.0 Fighting
 - Level 2.6 Maces & Flails
 * Level 2.3 Armour
 + Level 2.0 Dodging


You had 2 spell levels left.
You didn't know any spells.
Your spell library contained the following spells:

 Spells                   Type           Power      Damage    Failure   Level
 Magic Dart               Conj           0%         1d3       43%         1
 Sting                    Tmut/Pois      0%         1d3       43%         1
 Poisonous Vapours        Pois/Air       0%         N/A       56%         2
 Searing Ray              Conj           0%         2d4       56%         2
 Fulminant Prism          Conj/Hex       0%         3d6       99%         4
 Olgreb's Toxic Radiance  Pois           0%         N/A       99%         4

Inventory:

Hand Weapons
 a - a +0 mace {mace}
 d - a +0 dire flail (weapon) {mace}
   (You found it on level 1 of the Dungeon)
Missiles
 i - 4 poisoned darts (quivered) {throwing}
Armour
 b - a +0 animal skin (worn)
Scrolls
 g - 3 scrolls of identify {unknown}
 h - a scroll of silence {unknown}
Potions
 c - a potion of heal wounds {unknown}
 e - a potion of flight {unknown}
 f - a potion of might {unknown}
 j - a potion of attraction {unknown}
 k - a potion of haste {unknown}

Dungeon Overview and Level Annotations

Branches:
Dungeon (2/15)

Altars:

Annotations:
D:4 Pikel

#...............
⌠.#.............##
.
..#...............
..#
#................
.....>.........!...
#.##............#
#..........######
#...5K5....#
#...5@5..$.#
#...$####### ######


You could see Pikel and 4 lemures.


Message History

You are too injured to fight recklessly!
You are too injured to fight recklessly!
You puncture the ball python!
You kill the ball python!
Trog accepts your kill. The hobgoblin hits you. 😮 HP[-2]
You take 2 damage, and now have 15/20 hp.
You hit the hobgoblin. Your bite misses the hobgoblin.
The hobgoblin hits you. 😮 HP[-2]
You take 2 damage, and now have 13/20 hp.
You closely miss the hobgoblin.
The hobgoblin hits you but does no damage.
You hit the hobgoblin.
You kill the hobgoblin!
Trog accepts your kill.
Things that are here:
a hobgoblin corpse; a ball python corpse Key pressed, stopping explore.
Things that are here:
a hobgoblin corpse; a ball python corpse You see here a bat corpse.
Key pressed, stopping explore.
You see here a ball python corpse.
There is an open door here.
You open the door.
There is an open door here.
Key pressed, stopping explore.
There is an open door here.
As you open the door, it creaks loudly! 😎 HP[+7]
Your hp is fully restored (20).
There is an open door here.
You open the door.
There is an open door here.
Key pressed, stopping explore.
You open the door.
There is an open door here.
You open the door.
There is an open door here.
There is an open door here.
Key pressed, stopping explore.
There is an open door here.
You enter the shallow water.
Moving in this stuff is going to be slow.
Partly explored, can't reach some places.
Partly explored, can't reach some places.
(D) Dungeon
Where to? (? - help)
There is an open door here.
There is a stone staircase leading down here.
You climb downwards.
There is a stone staircase leading up here.
A sourceless malevolence fills the Dungeon...
You fall into a shaft and drop 2 floors!
The shaft crumbles and collapses.
Pikel and 4 lemures come into view.
Pikel is wielding a +0 whip of flaming.
The lemure shouts! x2; You hear a shout!
Found a bubbling cyan potion and 26 gold pieces.
Found an escape hatch in the floor.
There are monsters nearby!
You can't go up here!
The lemure shouts!
You hear an angry hiss.
A red film seems to cover your vision as you go berserk!
You feel yourself moving faster!
You feel mighty! The lemure hits you. 😕 HP[+6]
You now have 30 max hp (+10).
You regained 6 hp, and now have 26/30 hp.
You barely miss the lemure. You barely miss the lemure.
The lemure barely misses you. The lemure hits you but does no damage.
You thump Pikel! You bite Pikel, but do no damage.
Pikel hits you with a +0 whip of flaming.
Pikel burns you. The lemure barely misses you.
The lemure closely misses you. x2 😮 HP[-4] MP[-1]
You take 4 damage, and now have 22/30 hp.
You lost 1 mp, and now have 3/4 mp.
You hit Pikel.
Unknown command.
You miss Pikel. The lemure misses you.
Pikel hits you with a +0 whip of flaming.
Pikel burns you.
* * * LOW HITPOINT WARNING * * *
The lemure hits you.
* * * LOW HITPOINT WARNING * * *
The lemure hits you.
* * * LOW HITPOINT WARNING * * *
The lemure hits you.
* * * LOW HITPOINT WARNING * * *
😱 HP[-15] MP[-2]
You take 15 damage, and now have 7/30 hp.
MASSIVE DAMAGE!! (PAUSE)
You lost 2 mp, and now have 1/4 mp.
Unknown command.
You hit Pikel. The lemure hits you but does no damage.
Pikel hits you with a +0 whip of flaming!
* * * LOW HITPOINT WARNING * * *
Pikel burns you.
You die...

Skill      XL: |  1  2  3 |
---------------+----------+-----
Armour         | 2 |  2.3
Fighting       | 3 |  3.0
Dodging        | 2 |  2.0
Maces & Flails | |  2.6

Action                   || total
-------------------------++-------
Melee: Dire flail        ||    55
       Bite              ||    13
Invok: Berserk           ||     2
 Stab: Sleeping          ||     1
Armor: Animal skin       ||    10
Dodge: Dodged            ||    34

Levels and vault maps discovered:
D:1:      dpeg_cavernosity, layout_loops_ring
D:2:      minmay_chambers_of_twos, layout_basic,
          shapermc_ecumenical_altar_hornbeckon
D:4:      wander_river, layout_basic, fountainhead, uniq_pikel

Notes
Turn   | Place    | Note
-------+----------+-------------------------------------------
     0 | D:1      | spaghetti the Vine Stalker Berserker began the quest for
                  | the Orb.
     0 | D:1      | Reached XP level 1. HP: 11/11 MP: 2/2
     0 | D:1      | magus.rc [v1.9.6]
    80 | D:1      | You pick up a book of Conjurations {forbidden@e2} and begin
                  | reading...
    80 | D:1      | You add the spells Magic Dart, Searing Ray and Fulminant
                  | Prism to your library.
   191 | D:1      | Reached XP level 2. HP: 12/16 MP: 3/3
   292 | D:1      | Reached skill level 2 in Armour
   633 | D:1      | You add the spells Sting, Poisonous Vapours and Olgreb's
                  | Toxic Radiance to your library.
   708 | D:1      | Reached skill level 3 in Fighting
   709 | D:1      | HP: 6/24 [quokka (2)]
   710 | D:1      | Reached XP level 3. HP: 7/20 MP: 1/4
  1013 | D:1      | Reached skill level 2 in Dodging
  1570 | D:2      | You fall into a shaft and drop 2 floors!
  1570 | D:4      | Noticed Pikel
  1570 | D:4      | Noticed a lemure
  1570 | D:4      | Noticed a lemure
  1570 | D:4      | Noticed a lemure
  1570 | D:4      | Noticed a lemure
  1583 | D:4      | HP: 7/30 [lemure[Pikel] (4)]
  1584 | D:4      | HP: 1/30 [Pikel/+0 whip of flaming (6)]
  1584 | D:4      | Slain by Pikel

Vanquished Creatures
  A dart slug (D:1)
  2 bats (D:1)
  3 endoplasms (D:1)
  4 giant cockroaches (D:1)
  2 hobgoblins (D:1)
  4 jackals (D:1)
  A kobold (D:1)
  A quokka (D:1)
  3 ball pythons (D:1)
  A goblin (D:1)
  3 rats (D:1)
25 creatures vanquished.

Table legend:
 A = Non-vault XP
 B = Vault XP
 C = Vault XP percentage of total XP
 D = Non-vault monster count
 E = Vault monster count
 F = Vault count percentage of total count
                 A         B        C        D         E       F
            +---------+---------+-------+---------+---------+-------
      Total |      39 |       6 |  13.3 |      21 |       4 |  16.0
            +---------+---------+-------+---------+---------+-------
        D:1 |      39 |       6 |  13.3 |      21 |       4 |  16.0
            +---------+---------+-------+---------+---------+-------

Illustrated notes

Table legend:
 A = Kills in this place as a percentage of kills in entire the game.
 B = Kills by you in this place as a percentage of kills by you in the entire game.
 C = Kills by friends in this place as a percentage of kills by friends in the entire game.
 D = Other kills in this place as a percentage of other kills in the entire game.
 E = Experience gained in this place as a percentage of experience gained in the entire game.
 F = Experience gained in this place divided by the number of levels of this place that you have seen.
                   A       B       C       D       E      F
               +-------+-------+-------+-------+-------+----------------------
         Total | 100.0 | 100.0 |   N/A |   N/A | 100.0 |  15.0
       Dungeon | 100.0 | 100.0 |   N/A |   N/A | 100.0 |  15.0
               +-------+-------+-------+-------+-------+----------------------

Table legend: (Time is in decaauts)
 A = Elapsed time spent in this place.
 B = Non-inter-level travel time spent in this place.
 C = Inter-level travel time spent in this place.
 D = Time resting spent in this place.
 E = Time spent auto-exploring this place.
 F = Levels seen in this place.
 G = Mean time per level.
                   A        B        C        D        E       F      G
               +--------+--------+--------+--------+--------+-----+--------+
         Total |   1600 |   1528 |     72 |    245 |   1115 |   3 |  533.3 |
       Dungeon |   1600 |   1528 |     72 |    245 |   1115 |   3 |  533.3 |
               +--------+--------+--------+--------+--------+-----+--------+

Top non-repeatable levels by time:
     D:1: 1584 daAuts
     D:4: 12 daAuts
     D:2: 3 daAuts
